 Dungeon Crawl Stone Soup version 0.25-a0-731-g0472a16d6a (webtiles) character file.

Game seed: 5563462303218715661, levelgen mode: deterministic

1775 KiliKikkendorf the Cleaver (level 9, -1/75 HPs)
             Began as a Hill Orc Fighter on Apr 9, 2020.
             Slain by an unseen horror (7 damage)
             ... on level 7 of the Dungeon.
             The game lasted 00:24:51 (6460 turns).

KiliKikkendorf the Cleaver (Hill Orc Fighter)       Turns: 6460, Time: 00:24:51

Health: -1/75      AC: 10    Str: 22      XL:     9   Next: 8%
Magic:  0/9        EV: 10    Int:  7 (8)  God:
Gold:   377        SH: 11    Dex: 10      Spells: 8/8 levels left

rFire    . . .     SeeInvis .   D - +4 flail
rCold    . . .     Gourm    .   c - +1 kite shield
rNeg     . . .     Faith    .   C - +1 steam dragon scales
rPois    .         Spirit   +   y - +2 helmet
rElec    .         Reflect  .   (no cloak)
rCorr    .         Harm     .   (no gloves)
MR       .....                  (no boots)
Stlth    +.........             e - amulet of guardian spirit
HPRegen  0.22/turn              b - ring of fire
MPRegen  0.11/turn              z - ring of ice

@: hasted, very quick
A: no striking features
a: no special abilities


You were on level 7 of the Dungeon.
You were not hungry.

You visited 1 branch of the dungeon, and saw 7 of its levels.
You also visited: Sewer.

You collected 377 gold pieces.

Inventory:

Hand Weapons
 a - a +0 war axe
 o - a +1 halberd of flaming
 w - a +4 mace
 D - a +4 flail (weapon)
Missiles
 g - 2 boomerangs (quivered)
Armour
 c - a +1 kite shield (worn)
 y - a +2 helmet (worn)
 C - +1 steam dragon scales (worn)
Jewellery
 b - a ring of fire (left hand)
 e - an amulet of guardian spirit (around neck)
 k - an uncursed ring of wizardry
 z - a ring of ice (right hand)
Wands
 B - a wand of polymorph (6)
Scrolls
 h - a scroll of immolation
 j - 2 scrolls of remove curse
 n - 2 scrolls of enchant armour
 q - 3 scrolls of magic mapping
 s - a scroll of fog
 t - 4 scrolls of teleportation
 v - a scroll of noise {unknown}
 x - 2 scrolls of identify
Potions
 d - 2 potions of might
 i - 7 potions of curing
 l - a potion of degeneration
 p - 2 potions of magic {unknown}
 r - 2 potions of heal wounds {unknown}
 u - a potion of flight {unknown}
 A - a potion of resistance {unknown}
Comestibles
 f - 13 rations


   Skills:
 + Level 6.0 Fighting
 - Level 9.4(9.6) Axes
 * Level 2.1(5.4) Maces & Flails
 + Level 1.9 Throwing
 + Level 6.2 Armour
 + Level 2.5 Dodging
 + Level 0.1 Stealth
 + Level 5.8 Shields


You had 8 spell levels left.
You didn't know any spells.
Your spell library contained the following spells:

 Spells                   Type           Power        Failure   Level  Hunger
 Confusing Touch          Hex            #.......     99%         3    ####...
 Gell's Gravitas          Tloc           #.........   99%         3    ####...
 Petrify                  Tmut/Erth      #.......     100%        4    #####..
 Metabolic Englaciation   Hex/Ice        #.........   100%        5    ######.
 Yara's Violent Unravell  Hex/Tmut       #.........   100%        5    ######.


Dungeon Overview and Level Annotations

Branches:
Dungeon (7/15)              Sewer (visited)
 Temple: D:4-7

Altars:

Shops:
D:5 :


Message History

Items here: ))) [[ † Something completely misses you.
Something hits you! Something hits you.
You hit something. You block something's attack. Something hits you.
Items here: ))) [[ † You block something's attack.
Something hits you.
There is a stone staircase leading down, spattered with blood here.
Something hits you!
* * * LOW HITPOINT WARNING * * *
Something completely misses you.
You feel yourself speed up. Something hits you.
* * * LOW HITPOINT WARNING * * *
You block something's attack. Something hits you.
* * * LOW HITPOINT WARNING * * *
Something hits you!
* * * LOW HITPOINT WARNING * * *
You block something's attack. Something hits you!
You die...

#...##########
##.......).##
##....####.# #..### #.##
##.# ##.# #.## ###.<#
#..###..#.#
###......####
#...####@## #.#..# #.##
### ♣ # #..# #..# #.##
.. ##.####.#####.# ...
#..#.....##..## ....###
#.>....##.....#
.......###.###......####
.........)## #....#.####
.........).###.#####...#


There were no monsters in sight!

Vanquished Creatures
  Maggie (D:7)
  Eustachio (D:4)
  An ice beast (D:7)
  An ogre (D:4)
  A centaur (D:7)
  3 bullfrogs
  3 wights
  A crimson imp (D:5)
  A hound (D:6)
  A bullfrog skeleton (D:4)
  A jelly (D:6)
  3 orc priests (D:7)
  2 orc wizards
  Jessica (D:2)
  An iguana (D:4)
  3 worker ants
  A killer bee zombie (D:5)
  A hound zombie (D:5)
  A worker ant zombie (D:6)
  12 adders
  2 river rats (Sewer)
  2 shadow imps
  An ooze (D:6)
  An adder skeleton (D:4)
  3 worms
  A dart slug (D:1)
  2 leopard geckos
  13 orcs
  10 ball pythons
  10 bats
  12 giant cockroaches
  10 goblins
  8 hobgoblins
  15 jackals
  15 kobolds
  A quokka (D:3)
  A ball python skeleton (D:3)
  8 frilled lizards
  A leopard gecko skeleton (D:4)
  A leopard gecko zombie (D:6)
  33 rats
190 creatures vanquished.

Notes
Turn   | Place    | Note
-------+----------+-------------------------------------------
     0 | D:1      | KiliKikkendorf the Hill Orc Fighter began the quest for the
                  | Orb.
     0 | D:1      | Reached XP level 1. HP: 19/19 MP: 1/1
    23 | D:1      | Reached XP level 2. HP: 26/27 MP: 2/2
   146 | D:1      | Reached skill level 3 in Axes
   320 | D:1      | Reached XP level 3. HP: 29/33 MP: 3/3
   807 | D:2      | Reached XP level 4. HP: 39/40 MP: 4/4
   972 | D:2      | Noticed Jessica
   982 | D:2      | Killed Jessica
   982 | D:2      | Reached skill level 4 in Axes
  1475 | D:3      | Reached XP level 5. HP: 47/47 MP: 5/5
  2013 | D:4      | Found a glowing drain.
  2025 | Sewer    | Entered a sewer
  2523 | Sewer    | Reached skill level 5 in Axes
  2591 | Sewer    | Reached XP level 6. HP: 5/55 MP: 1/6
  2591 | Sewer    | Reached skill level 1 in Dodging
  2593 | Sewer    | HP: 2/55 [poisoned by an adder]
  2927 | Sewer    | Reached skill level 5 in Fighting
  3328 | D:4      | Reached XP level 7. HP: 41/61 MP: 7/7
  3629 | D:4      | Reached skill level 6 in Axes
  3629 | D:4      | Reached skill level 5 in Armour
  3898 | D:4      | Noticed Eustachio
  3920 | D:4      | Killed Eustachio
  3920 | D:4      | Reached skill level 5 in Shields
  4045 | D:5      | Entered Level 5 of the Dungeon
  4061 | D:4      | Reached skill level 7 in Axes
  4290 | D:5      | Found Orahel's Book Emporium.
  4393 | D:5      | Reached XP level 8. HP: 69/69 MP: 8/8
  4405 | D:5      | Reached skill level 8 in Axes
  5695 | D:6      | Reached skill level 1 in Throwing
  5898 | D:7      | Noticed Maggie
  5923 | D:7      | Killed Maggie
  5923 | D:7      | Reached skill level 9 in Axes
  6377 | D:7      | Reached skill level 1 in Maces & Flails
  6377 | D:7      | Reached XP level 9. HP: 48/75 MP: 5/9
  6460 | D:7      | Slain by an unseen horror

Levels and vault maps discovered:
D:1:      lightli_arrival_chessboard, layout_rooms
D:2:      minmay_roachtagon, layout_basic, uniq_jessica
D:3:      layout_basic, first_ration, fountainhead, item_on_display_a
D:4:      layout_basic, cheibrodos_sewer_entry_sluice, minmay_ogre_servants,
          uniq_eustachio
D:5:      layout_basic, serial_shops, nicolae_shop_crystal
D:6:      layout_basic
D:7:      layout_layer_cave, minmay_temple_entry_trees, grunt_ogre_cave,
          uniq_menkaure, uniq_maggie, uniq_crazy_yiuf_cottage,
          uniq_prince_ribbit1

Skill      XL: |  1  2  3  4  5  6  7  8  9 |
---------------+----------------------------+-----
Axes           | 3 4 5 7 9 |  9.4
Fighting       | 4 5 6 |  6.0
Shields        | 4 5 |  5.8
Armour         | 4 5 6 |  6.2
Dodging        | 1 2 |  2.5
Throwing       | 1 |  1.9
Maces & Flails | 1 2 |  2.1
Stealth        | |  0.1

Action                   |  1- 3 |  4- 6 |  7- 9 || total
-------------------------+-------+-------+-------++-------
Melee: War axe           |    96 |   285 |   232 ||   613
       Flail             |       |       |    31 ||    31
Throw: Boomerang         |       |     7 |    12 ||    19
  Use: Scroll            |     4 |     6 |       ||    10
       Potion            |       |     3 |     4 ||     7
  Eat: Chunk             |       |     3 |     4 ||     7
       Ration            |       |     2 |     2 ||     4
Armor: Scale mail        |    84 |   154 |    83 ||   321
       Steam dragon scal |       |       |    10 ||    10
Dodge: Dodged            |    46 |   103 |    71 ||   220
Block: Kite shield       |    82 |   191 |   157 ||   430

Table legend:
 A = Non-vault XP
 B = Vault XP
 C = Vault XP percentage of total XP
 D = Non-vault monster count
 E = Vault monster count
 F = Vault count percentage of total count
                 A         B        C        D         E       F
            +---------+---------+-------+---------+---------+-------
      Total |    1389 |    1148 |  45.3 |     119 |      71 |  37.4
            +---------+---------+-------+---------+---------+-------
        D:1 |      37 |       0 |   0.0 |      20 |       0 |   0.0
        D:2 |      57 |      55 |  49.1 |      26 |      10 |  27.8
        D:3 |      53 |       0 |   0.0 |      22 |       0 |   0.0
        D:4 |     241 |     349 |  59.2 |      12 |      12 |  50.0
        D:5 |     283 |       0 |   0.0 |      18 |       0 |   0.0
        D:6 |     290 |       0 |   0.0 |      13 |       0 |   0.0
        D:7 |     428 |     409 |  48.9 |       8 |       1 |  11.1
      Sewer |       0 |     335 | 100.0 |       0 |      48 | 100.0
            +---------+---------+-------+---------+---------+-------
